[Event "Hastings International Chess Congress"]
[Site "?"]
[Date "2012.12.28"]
[Round "1.1"]
[White "Pert, Nicholas"]
[Black "Stewart, Neil"]
[Result "1-0"]
[ECO "D10"]
[WhiteElo "2557"]
[BlackElo "2264"]
[PlyCount "45"]
[EventDate "2012.??.??"]
[TimeControl "6600+970"]
[WhiteClock "0:50:11"]
[BlackClock "0:35:18"]

1. d4 d5 2. c4 c6 3. Nc3 dxc4 4. e4 b5 5. a4 b4 6. Na2 Nf6 7. e5 Nd5 8. Bxc4 e6
9. Nf3 a5 10. Bd2 Be7 11. Nc1 Ba6 12. Bxa6 Nxa6 13. Nb3 h6 14. O-O O-O 15. Qe2
Qb6 16. Rfc1 Rab8 17. Rc2 Rfc8 18. Rac1 Rc7 19. Be3 Rbc8 20. Nfd2 Nxe3 21. fxe3
Qa7 22. Nc4 c5 23. Nd6 1-0

[Event "Hastings International Chess Congress"]
[Site "?"]
[Date "2012.12.28"]
[Round "1.2"]
[White "Eames, Robert S"]
[Black "Sulskis, Sarunas"]
[Result "1/2-1/2"]
[ECO "A52"]
[WhiteElo "2263"]
[BlackElo "2550"]
[PlyCount "121"]
[EventDate "2012.??.??"]
[TimeControl "6600+1140"]
[WhiteClock "0:24:19"]
[BlackClock "0:20:37"]

1. d4 Nf6 2. c4 e5 3. dxe5 Ng4 4. Bf4 Nc6 5. Nf3 Bb4+ 6. Nbd2 Qe7 7. e3 Ngxe5
8. Nxe5 Nxe5 9. Be2 a5 10. a3 Bxd2+ 11. Qxd2 d6 12. c5 dxc5 13. Qd5 Ng6 14.
Bb5+ Bd7 15. Bxd7+ Qxd7 16. Qxb7 O-O 17. Rd1 Qe6 18. Bxc7 Qe7 19. Qc6 Rfc8 20.
Rd7 Qe8 21. Qd6 Qe4 22. O-O Nh4 23. Qg3 Ra6 24. Rfd1 h6 25. f3 Qxe3+ 26. Qf2
Nf5 27. Qxe3 Nxe3 28. Rc1 c4 29. Kf2 Nd5 30. Be5 Nf6 31. Rd4 Rac6 32. Rcd1 a4
33. Rd8+ Rxd8 34. Rxd8+ Kh7 35. Ra8 Nd7 36. Bd4 Nc5 37. Bxc5 Rxc5 38. Rxa4 c3
39. bxc3 Rxc3 40. h4 h5 41. Kg3 Rc2 42. Ra5 Kh6 43. Rb5 f6 44. a4 Ra2 45. a5
Ra3 46. Rd5 Ra2 47. Kh3 Ra3 48. Kh2 Kg6 49. Kg1 Ra2 50. Kf1 Kh6 51. g4 hxg4 52.
fxg4 g5 53. hxg5+ fxg5 54. Rd6+ Kg7 55. a6 Ra4 56. Rd7+ Kf6 57. a7 Ra2 58. Ke1
Ke5 59. Rf7 Ke6 60. Rb7 Ke5 61. Rf7 1/2-1/2

[Event "Hastings International Chess Congress"]
[Site "?"]
[Date "2012.12.28"]
[Round "1.6"]
[White "Kwiatkowski, Feliks J"]
[Black "Alsina Leal, Daniel"]
[Result "0-1"]
[ECO "B90"]
[WhiteElo "2232"]
[BlackElo "2511"]
[PlyCount "86"]
[EventDate "2012.??.??"]
[TimeControl "6600+1390"]
[WhiteClock "0:46:16"]
[BlackClock "0:52:40"]

1. e4 c5 2. Nf3 d6 3. d4 cxd4 4. Nxd4 Nf6 5. Nc3 a6 6. Be3 e5 7. Nb3 Be6 8. Qd2
Nbd7 9. O-O-O b5 10. f3 Be7 11. g4 O-O 12. Rg1 Nb6 13. g5 Nh5 14. Nd5 Bxd5 15.
exd5 Rc8 16. Qa5 Nc4 17. Bxc4 bxc4 18. Qxd8 Bxd8 19. Nd2 c3 20. Ne4 cxb2+ 21.
Kxb2 Be7 22. Rd3 Rc4 23. Rb3 Rfc8 24. Rg2 f5 25. gxf6 Nxf6 26. Bg5 Nxe4 27.
Bxe7 Re8 28. Rb7 Nc5 29. Ra7 Rb4+ 30. Kc3 Rb7 31. Rxb7 Nxb7 32. Bg5 Rf8 33. Rg3
Rc8+ 34. Kd3 Rc5 35. c4 Ra5 36. Rg2 Ra3+ 37. Ke4 Nc5+ 38. Kf5 Rxf3+ 39. Kg4 Rc3
40. Rb2 Rxc4+ 41. Kf5 Kf7 42. Be3 g6+ 43. Kg5 Kg7 0-1

[Event "Hastings International Chess Congress"]
[Site "?"]
[Date "2012.12.28"]
[Round "1.7"]
[White "Hawkins, Jonathan"]
[Black "Talsma, Paul"]
[Result "1-0"]
[ECO "A80"]
[WhiteElo "2507"]
[BlackElo "2229"]
[PlyCount "71"]
[EventDate "2012.??.??"]
[TimeControl "6600+995"]
[WhiteClock "0:14:25"]
[BlackClock "0:12:31"]

1. d4 f5 2. Bg5 h6 3. Bh4 c5 4. e4 Qb6 5. Nd2 g5 6. Qh5+ Kd8 7. Bxg5 Qxb2 8.
Rb1 Qxd4 9. Be3 Qg7 10. exf5 d6 11. Ne2 Nf6 12. Qf3 Nc6 13. Nf4 Ne5 14. Qe2 Qg4
15. Ne6+ Bxe6 16. fxe6 Qxe2+ 17. Bxe2 Kc7 18. Nc4 Nxc4 19. Bxc4 Rb8 20. Ke2 Ng4
21. Bd2 Ne5 22. Bd5 Bg7 23. a4 Nc6 24. g4 b6 25. f4 a6 26. Rhf1 b5 27. axb5
axb5 28. c3 Rb6 29. h4 Ra8 30. g5 Ra3 31. Bxc6 Kxc6 32. f5 hxg5 33. hxg5 Bxc3
34. Bxc3 Rxc3 35. f6 Ra6 36. Ra1 1-0

[Event "Hastings International Chess Congress"]
[Site "?"]
[Date "2012.12.28"]
[Round "1.8"]
[White "Sreeves, Clement"]
[Black "Flear, Glenn C"]
[Result "0-1"]
[ECO "C78"]
[WhiteElo "2223"]
[BlackElo "2481"]
[PlyCount "56"]
[EventDate "2012.??.??"]
[TimeControl "6600+1210"]
[WhiteClock "0:08:23"]
[BlackClock "0:35:49"]

1. e4 e5 2. Nf3 Nc6 3. Bb5 a6 4. Ba4 Nf6 5. O-O b5 6. Bb3 Bb7 7. d3 Bd6 8. c3
O-O 9. Bg5 h6 10. Bh4 Re8 11. Nbd2 Be7 12. Re1 Nh5 13. Nxe5 Nxe5 14. Bxe7 Qxe7
15. Qxh5 Nxd3 16. Re3 Nf4 17. Qf5 Ne6 18. Rg3 Ng5 19. e5 c5 20. f4 Ne6 21. Bc2
g6 22. Be4 Ng5 23. Rxg5 hxg5 24. Qh3 d5 25. exd6 Qxd6 26. Bxb7 Qxd2 27. Bxa8
Re1+ 28. Rxe1 Qxe1# 0-1

[Event "Hastings International Chess Congress"]
[Site "?"]
[Date "2012.12.28"]
[Round "1.9"]
[White "Arkell, Keith C"]
[Black "Melekhina, Alisa"]
[Result "1-0"]
[ECO "A43"]
[WhiteElo "2470"]
[BlackElo "2221"]
[PlyCount "137"]
[EventDate "2012.??.??"]
[TimeControl "6600+1035"]
[WhiteClock "1:26:32"]
[BlackClock "0:11:27"]

1. Nf3 Nf6 2. d4 c5 3. d5 g6 4. Nc3 d6 5. e4 Bg7 6. Bb5+ Nfd7 7. a4 Na6 8. O-O
O-O 9. Bf4 f6 10. Bxd7 Bxd7 11. h3 Nc7 12. Re1 b6 13. Qd2 a6 14. Rab1 a5 15.
Bh6 b5 16. Bxg7 Kxg7 17. axb5 Nxb5 18. Nxb5 Bxb5 19. Nh2 Bd7 20. Nf1 a4 21. Ne3
Qa5 22. c3 Rfb8 23. h4 Rb3 24. Ra1 Rab8 25. Ra2 Qb5 26. Re2 Bc8 27. f3 Ba6 28.
Rf2 Qd3 29. Qxd3 Bxd3 30. Rd2 Bb5 31. Nc2 Bd7 32. Na3 R3b7 33. Nc4 Bb5 34. Ne3
Bd7 35. Kh2 Ra7 36. Nc4 Bb5 37. Na3 Bd7 38. g4 Kf7 39. Kg3 Rab7 40. g5 Rh8 41.
gxf6 Kxf6 42. Nc4 g5 43. hxg5+ Kxg5 44. f4+ Kg6 45. e5 Bb5 46. Ne3 h5 47. Kf3
Rf8 48. Ke4 Kh7 49. Ra1 Be8 50. Rg1 a3 51. bxa3 Rb3 52. Rdg2 Rxc3 53. Rg7+ Kh8
54. Rxe7 Rxa3 55. exd6 Bb5 56. d7 Bxd7 57. Rgg7 Re8 58. f5 Raa8 59. Kf4 Rxe7
60. Rxe7 Be8 61. d6 Rd8 62. Nd5 Kg8 63. Nf6+ Kf8 64. Rxe8+ Rxe8 65. Nxe8 Kxe8
66. f6 c4 67. Ke5 c3 68. Ke6 c2 69. f7+ 1-0

[Event "Hastings International Chess Congress"]
[Site "?"]
[Date "2012.12.28"]
[Round "1.11"]
[White "Hamitevici, Vladimir"]
[Black "Gu, Xiaobing"]
[Result "0-1"]
[ECO "E94"]
[WhiteElo "2440"]
[BlackElo "2209"]
[PlyCount "62"]
[EventDate "2012.??.??"]
[TimeControl "6600+1150"]
[WhiteClock "0:07:07"]
[BlackClock "0:46:08"]

1. d4 Nf6 2. c4 g6 3. Nc3 Bg7 4. e4 d6 5. Nf3 O-O 6. Be2 e5 7. O-O exd4 8. Nxd4
Re8 9. f3 Nc6 10. Be3 Nh5 11. f4 Nf6 12. Bf3 Ng4 13. Bxg4 Bxg4 14. Nxc6 Qd7 15.
Qd3 Bxc3 16. Qxc3 Qxc6 17. Bd4 Rxe4 18. Bh8 f6 19. Qxf6 Qd7 20. Rae1 Rae8 21.
Rxe4 Rxe4 22. h3 Be2 23. Rf2 Bxc4 24. f5 g5 25. b3 Bd5 26. Rd2 Re5 27. g4 c6
28. Kf2 Qc7 29. Qh6 Kxh8 30. Rxd5 Qb6+ 31. Kf1 Qa6+ 0-1

[Event "Hastings International Chess Congress"]
[Site "?"]
[Date "2012.12.28"]
[Round "1.12"]
[White "Burnett, Jim"]
[Black "Zhou, Yang-Fan"]
[Result "0-1"]
[ECO "D71"]
[WhiteElo "2172"]
[BlackElo "2419"]
[PlyCount "70"]
[EventDate "2012.??.??"]
[TimeControl "6600+795"]
[WhiteClock "0:14:24"]
[BlackClock "0:14:06"]

1. d4 Nf6 2. c4 g6 3. g3 Bg7 4. Bg2 O-O 5. Nc3 c5 6. Nf3 cxd4 7. Nxd4 Qc7 8. b3
d5 9. O-O dxc4 10. Ncb5 Qd8 11. bxc4 Ng4 12. e3 Ne5 13. Qb3 a6 14. Na3 Nbd7 15.
Rb1 Nc5 16. Qb6 Ned3 17. Bd2 e5 18. Qxd8 Rxd8 19. Ba5 Re8 20. Ne2 e4 21. Nc3
Bg4 22. Nd5 Rac8 23. Rb6 Nb2 24. Nf6+ Bxf6 25. Rxf6 Ncd3 26. Rb6 Rxc4 27. Rxb7
Ra4 28. Bc3 Nd1 29. Nb1 Be2 30. Rxd1 Bxd1 31. Bd4 Rb4 32. Rxb4 Nxb4 33. Nc3 Bf3
34. Bf1 Rc8 35. a3 Nd3 0-1

[Event "Hastings International Chess Congress"]
[Site "?"]
[Date "2012.12.28"]
[Round "1.18"]
[White "Flear, Christine"]
[Black "Knott, Simon J B"]
[Result "1-0"]
[ECO "D90"]
[WhiteElo "2156"]
[BlackElo "2325"]
[PlyCount "97"]
[EventDate "2012.??.??"]
[TimeControl "6600+1265"]
[WhiteClock "0:29:47"]
[BlackClock "0:44:54"]

1. d4 Nf6 2. c4 g6 3. Nc3 d5 4. Nf3 Bg7 5. Qa4+ Bd7 6. Qb3 dxc4 7. Qxc4 O-O 8.
Bf4 Na6 9. e4 c5 10. e5 Nh5 11. Be3 cxd4 12. Qxd4 Bc6 13. Be2 Qa5 14. O-O f5
15. Qc4+ Kh8 16. Ng5 f4 17. Bxh5 Qxe5 18. Bf3 Qxg5 19. Bxc6 bxc6 20. Bd4 f3 21.
Bxg7+ Kxg7 22. g3 Nc7 23. Rfe1 Nd5 24. Qxc6 Nf4 25. h4 Qf6 26. Qxf6+ Rxf6 27.
gxf4 Rxf4 28. Rxe7+ Kh6 29. Re4 g5 30. hxg5+ Kxg5 31. Rxf4 Kxf4 32. Rd1 Rg8+
33. Kf1 Rg6 34. Rd7 Rh6 35. Rf7+ Kg4 36. Rg7+ Kf4 37. Ke1 Re6+ 38. Kf1 Rh6 39.
Ke1 Re6+ 40. Kd2 h5 41. Nd5+ Ke4 42. Ne3 Rh6 43. Rxa7 Rh8 44. Re7+ Kf4 45. Nd5+
Kf5 46. Ne3+ Kf4 47. Rf7+ Ke4 48. Nf1 h4 49. Nh2 1-0